 Dungeon Crawl Stone Soup version 0.21-a0-513-gdcb3f5e (console) character file.

16 hexaflexagon the Poker (level 2, 0/22 HPs)
             Began as a Demonspawn Skald on Dec 1, 2017.
             Slain by a hobgoblin
             ... wielding a +0 club
              (3 damage)
             ... on level 1 of the Dungeon.
             The game lasted 00:01:23 (943 turns).

hexaflexagon the Poker (Demonspawn Skald)            Turns: 943, Time: 00:01:23

Health: 0/22       AC:  3    Str: 11    XL:     2   Next: 41%
Magic:  5/5        EV: 11    Int: 14    God:
Gold:   43         SH:  0    Dex: 12    Spells: 2/5 levels left

rFire    . . .     SeeInvis .   a - +0 spear
rCold    . . .     Gourm    .   (no shield)
rNeg     . . .     Faith    .   b - +0 leather armour
rPois    .         Spirit   .   (no helmet)
rElec    .         Reflect  .   (no cloak)
rCorr    .         Harm     .   (no gloves)
MR       .....                  (no boots)
Stlth    +.........             (no amulet)
HPRegen  0.07/turn              (no ring)
MPRegen  0.09/turn              (no ring)

@: drained
A: rot immunity
a: no special abilities


You were on level 1 of the Dungeon.
You were not hungry.

You visited 1 branch of the dungeon, and saw 1 of its levels.

You collected 43 gold pieces.

Inventory:

Hand Weapons
 a - a +0 spear (weapon)
Armour
 b - a +0 leather armour (worn)
 e - a +0 leather armour
Scrolls
 g - a scroll of blinking {unknown}
Books
 c - a book of Battle

   Spells                             Type                      Level
   a - Infusion                       Charms                       1
   b - Shroud of Golubria             Charms/Translocation         2
   c - Song of Slaying                Charms                       2
   d - Spectral Weapon                Hexes/Charms                 3
   e - Regeneration                   Charms/Necromancy            3
Comestibles
 d - 2 bread rations
 f - a royal jelly
 h - a fruit


   Skills:
 - Level 2.0(1.2) Fighting
 + Level 2.7(1.9) Polearms
 - Level 0.9(0.1) Armour
 - Level 1.7(0.9) Dodging
 - Level 2.0(1.2) Spellcasting
 - Level 2.6(1.8) Charms


You had 2 spell levels left.
You knew the following spells:

 Your Spells              Type           Power        Failure   Level  Hunger
g - Shroud of Golubria    Chrm/Tloc      #.........   34%         2    ###....
i - Infusion              Chrm           #...         16%         1    ##.....


Dungeon Overview and Level Annotations

Branches:
Dungeon (1/15)

Altars:


Innate Abilities, Weirdness & Mutations

You are immune to rotting.


Message History

You hit the hobgoblin but do no damage.
The hobgoblin is almost dead.
The hobgoblin hits you but does no damage.
You hit the hobgoblin but do no damage.
The hobgoblin is almost dead.
The hobgoblin hits you but does no damage.
You hit the hobgoblin but do no damage.
The hobgoblin is almost dead.
The hobgoblin misses you.
You hit the hobgoblin but do no damage.
The hobgoblin is almost dead.
The hobgoblin hits you with a club.
* * * LOW HITPOINT WARNING * * *
You hit the hobgoblin but do no damage.
The hobgoblin is almost dead.
The hobgoblin hits you but does no damage.
You closely miss the hobgoblin.
The hobgoblin is almost dead.
The hobgoblin hits you with a club.
You die...

................. # #.
#.#.#....#.##.#.. #.##.
#.#.#....#.##.#..
.....###.#......#.##.#..
#....>..................
........................
.##.#..................
#.#...#..#...#.##..#.
#...@................
###..g#..#...#.##....
............#)##....
#.#..##..#...#.##....
#.#..##..#........... #
#..##..#...#.......
#..##. #...#..#.... #..#
#...#..#....
#...#.......


You could see a hobgoblin.

Vanquished Creatures
  A dart slug (D:1)
  A giant cockroach (D:1)
  A goblin (D:1)
  A hobgoblin (D:1)
  3 jackals (D:1)
  3 kobolds (D:1)
  A bat (D:1)
  2 frilled lizards (D:1)
  A rat (D:1)
14 creatures vanquished.

Notes
Turn   | Place    | Note
-------+----------+-------------------------------------------
     0 | D:1      | hexaflexagon the Demonspawn Skald began the quest for the Orb.
     0 | D:1      | Reached XP level 1. HP: 16/16 MP: 3/3
   332 | D:1      | Gained mutation: You are immune to rotting. [demonic ancestry]
   332 | D:1      | Reached XP level 2. HP: 9/22 MP: 5/5
   891 | D:1      | Learned a level 2 spell: Shroud of Golubria
   943 | D:1      | Slain by a hobgoblin

Vault maps used:
D:1:      elethiomel_arrival_infinity_welcomes_careful_drivers

Skill      XL: |  1 |
---------------+----+-----
Polearms       | 2 |  2.7
Fighting       | |  2.0
Armour         | |  0.9
Dodging        | |  1.7
Spellcasting   | |  2.0
Charms         | |  2.6

Action                   || total
-------------------------++-------
Melee: Spear             ||    76
 Cast: Infusion          ||     1
Armor: Leather armour    ||    22
Dodge: Dodged            ||    38

Table legend:
 A = Spawn XP
 B = Non-spawn XP
 C = Spawn XP percentage of total XP
 D = Spawn monster count
 E = Non-spawn monster count
 F = Spawn count percentage of total count
 G = Total turns spent on level
                    A         B        C        D         E        F      G
               +---------+---------+-------+---------+---------+-------+---------
         Total |       0 |      24 |   0.0 |       0 |      14 |   0.0 |   943
               +---------+---------+-------+---------+---------+-------+---------
           D:1 |       0 |      24 |   0.0 |       0 |      14 |   0.0 |   943
               +---------+---------+-------+---------+---------+-------+---------
